 Dungeon Crawl Stone Soup version 0.21-a0-538-gd16b88a (webtiles) character file.

277 slep the Chopper (level 6, -1/47 HPs)
             Began as a Demonspawn Gladiator on Dec 16, 2017.
             Killed by divine providence
             ... invoked by an orc priest
              (12 damage)
             ... on level 3 of the Dungeon.
             The game lasted 00:08:19 (1825 turns).

slep the Chopper (Demonspawn Gladiator)             Turns: 1825, Time: 00:08:21

Health: -1/47      AC:  4    Str: 15    XL:     6   Next: 4%
Magic:  6/6        EV: 13    Int:  9    God:
Gold:   98         SH:  0    Dex: 16    Spells: 5/5 levels left

rFire    . . .     SeeInvis .   a - +0 war axe
rCold    . . .     Gourm    .   (no shield)
rNeg     . . .     Faith    .   b - +0 leather armour
rPois    .         Spirit   .   c - +0 helmet
rElec    .         Reflect  .   (no cloak)
rCorr    .         Harm     .   (no gloves)
MR       .....                  (no boots)
Stlth    +.........             (no amulet)
HPRegen  0.15/turn              (no ring)
MPRegen  0.10/turn              (no ring)

@: no status effects
A: talons 2, demonic guardian 1
a: no special abilities


You were on level 3 of the Dungeon.
You were not hungry.

You visited 1 branch of the dungeon, and saw 3 of its levels.

You collected 98 gold pieces.

Inventory:

Hand Weapons
 a - a +0 war axe (weapon)
Missiles
 d - 3 throwing nets
 j - 15 tomahawks (quivered)
 m - 2 curare-tipped needles
Armour
 b - a +0 leather armour (worn)
 c - a +0 helmet (worn)
Wands
 g - a wand of digging (9)
Scrolls
 e - a scroll of enchant armour {unknown}
 i - 5 scrolls of identify {unknown}
 l - a scroll of magic mapping {unknown}
 n - 2 scrolls of remove curse {unknown}
 o - a scroll of amnesia {unknown}
 p - a scroll of immolation {unknown}
 r - a scroll of blinking {unknown}
Potions
 k - 3 potions of curing {unknown}
 t - a potion of mutation {unknown}
 u - a potion of flight {unknown}
Comestibles
 f - 3 bread rations
 h - 3 meat rations
 q - a royal jelly
 s - 2 chunks of flesh


   Skills:
 + Level 3.1 Fighting
 + Level 4.6 Axes
 + Level 2.1 Throwing
 + Level 1.5 Armour
 + Level 3.5 Dodging
 + Level 0.3 Stealth


You had 5 spell levels left.
You didn't know any spells.

Dungeon Overview and Level Annotations

Branches:
Dungeon (3/15)

Altars:
Kikubaaqudgha

Annotations:
D:2 1 runed door


Innate Abilities, Weirdness & Mutations

You have razor-sharp toenails.
A weak demonic guardian rushes to your aid.


Message History

Your quasit barely misses the orc priest.
Your quasit closely misses the orc priest.
Your quasit claws the orc priest but does no damage.
You hit the orc priest but do no damage.
The orc priest is heavily wounded.
Your quasit barely misses the orc priest.
Your quasit claws the orc priest but does no damage.
Your quasit claws the orc priest.
The orc priest barely misses your quasit.
Your quasit barely misses the orc priest.
Your quasit claws the orc priest but does no damage. x2
You hit the orc priest.
You claw the orc priest, but do no damage.
The orc priest is heavily wounded.
The orc priest barely misses you.
Your quasit bites the orc priest but does no damage.
Your quasit claws the orc priest but does no damage. x2
The orc priest invokes the aid of Beogh against you.
Beogh smites you!
You die...

##...# <#... .#.o ... .. ..
.. .# .####. ###)# ...#..
#@o?# .... ##5###
#..#.###.(# #######
#..#..(..#####....(#
#..####†.....#.....#
########.[...#.####.......#
.........##....# ###.....#
####....#....### ##.....#
####.#....##.# #))....#


You could see an orc priest and a friendly quasit.

Vanquished Creatures
  2 vampire bats (D:2)
  A hound (D:2)
  An orc priest (D:3)
  Jessica (D:3)
  Robin (D:2)
  3 adders
  2 worms (D:3)
  A leopard gecko (D:1)
  12 orcs (D:3)
  A bat skeleton (D:2)
  3 bat zombies (D:2)
  A giant cockroach (D:1)
  10 goblins
  8 hobgoblins
  6 kobolds
  2 quokkas
  A ball python (D:3)
  9 bats
  4 frilled lizards
  3 rats
72 creatures vanquished.

Vanquished Creatures (collateral kills)
  2 bat skeletons (D:2)
2 creatures vanquished.

Grand Total: 74 creatures vanquished

Notes
Turn   | Place    | Note
-------+----------+-------------------------------------------
     0 | D:1      | slep the Demonspawn Gladiator began the quest for the Orb.
     0 | D:1      | Reached XP level 1. HP: 16/16 MP: 1/1
   165 | D:1      | Reached skill level 3 in Axes
   165 | D:1      | Gained mutation: You have sharp toenails. [demonic ancestry]
   165 | D:1      | Reached XP level 2. HP: 22/22 MP: 2/2
   571 | D:2      | Gained mutation: You have razor-sharp toenails. [demonic ancestry]
   571 | D:2      | Reached XP level 3. HP: 12/27 MP: 3/3
   841 | D:2      | Found a runed door.
   909 | D:2      | Reached XP level 4. HP: 28/33 MP: 4/4
   934 | D:2      | Noticed Robin
   965 | D:2      | Killed Robin
   978 | D:2      | Found an ancient bone altar of Kikubaaqudgha.
   985 | D:2      | Reached skill level 4 in Axes
   985 | D:2      | Reached skill level 1 in Armour
   985 | D:2      | Gained mutation: A weak demonic guardian rushes to your aid. [demonic ancestry]
   985 | D:2      | Reached XP level 5. HP: 16/39 MP: 5/5
  1641 | D:3      | Noticed Jessica
  1648 | D:3      | Killed Jessica
  1727 | D:3      | Reached XP level 6. HP: 5/47 MP: 6/6
  1825 | D:3      | Killed from afar by an orc priest

Vault maps used:
D:1:      scummos_arrival_simple_crosswalls
D:2:      kennysheep_vampire_church, serial_bayou_lake_a, uniq_robin,
          uniq_crazy_yiuf_cottage
D:3:      uniq_jessica

Skill      XL: |  1  2  3  4  5 |
---------------+----------------+-----
Axes           | 3 4 |  4.6
Throwing       | 2 |  2.1
Dodging        | 3 |  3.5
Armour         | 1 |  1.5
Fighting       | 3 |  3.1
Stealth        | |  0.3

Action                   |  1- 3 |  4- 6 || total
-------------------------+-------+-------++-------
Melee: War axe           |    70 |   100 ||   170
       Kick              |    14 |    29 ||    43
Throw: Tomahawk          |       |     4 ||     4
  Use: Potion            |       |     1 ||     1
 Stab: Distracted        |       |     1 ||     1
  Eat: Chunk             |       |     3 ||     3
Armor: Leather armour    |    27 |    32 ||    59
Dodge: Dodged            |    60 |    90 ||   150

Table legend:
 A = Spawn XP
 B = Non-spawn XP
 C = Spawn XP percentage of total XP
 D = Spawn monster count
 E = Non-spawn monster count
 F = Spawn count percentage of total count
 G = Total turns spent on level
                    A         B        C        D         E        F      G
               +---------+---------+-------+---------+---------+-------+---------
         Total |       0 |     396 |   0.0 |       0 |      74 |   0.0 |  1825
               +---------+---------+-------+---------+---------+-------+---------
           D:1 |       0 |      34 |   0.0 |       0 |      20 |   0.0 |   549
           D:2 |       0 |     230 |   0.0 |       0 |      29 |   0.0 |   972
           D:3 |       0 |     132 |   0.0 |       0 |      25 |   0.0 |   304
               +---------+---------+-------+---------+---------+-------+---------
